Map: Disco Bloodbath LE

Players

lIIllllIIlll (INnoVation)

  • Race: Terran Terran
  • League: Master
  • Spawn Location: 9:00

GOReynor (Reynor) - Winner!

  • Race: Zerg Zerg
  • League: Master
  • Spawn Location: 3:00

Event: HomeStory Cup XX

VOD

Have the link to the VOD?

Description

Time

  • Played on: Nov. 24, 2019, 11:50 a.m.
  • Length: 12:09

All games in this series

Show
View Real Time Build Order
Export as new Build Order

lIIllllIIlll Terran 

Build Orders:  

Get SALT Encoding   

  12  0:00  SCV  
  13  0:12  SCV  
  14  0:17  Supply Depot  
  14  0:24  SCV  
  15  0:40  Barracks  
  15  0:41  SCV  
  16  0:55  Barracks  
  16  1:07  Barracks  
  16  1:10  SCV  
  17  1:26  Marine  
  17  1:27  Orbital Command  
  18  1:42  Marine  
  18  1:44  Marine, Supply Depot  
  20  1:52  SCV  
  21  1:55  Marine  
  21  2:00  Marine  
  23  2:05  Marine, SCV  
  24  2:16  Marine  
  24  2:19  Bunker  
  24  2:20  Bunker  
  24  2:21  Marine  
  26  2:23  Marine, SCV  
  28  2:34  Marine  
  28  2:35  SCV  
  28  2:38  Marine  
  28  2:41  Marine  
  30  2:47  Supply Depot, SCV  
  31  2:57  Command Center  
  31  3:05  Refinery  
  31  3:08  SCV  
  31  3:11  Refinery  
  32  3:20  Supply Depot, SCV  
  33  3:32  SCV  
  34  3:45  SCV  
  35  3:52  Factory  
  35  3:57  SCV  
  35  4:02  Command Center  
  36  4:08  Orbital Command  
  36  4:12  SCV  
  37  4:17  Barracks Tech Lab, Barracks Reactor  
  37  4:24  SCV  
  38  4:35  Stimpack  
  38  4:37  Marine, SCV x2  
  41  4:44  Starport  
  41  4:49  SCV x2  
  41  4:51  Factory Reactor  
  43  4:55  Marine x2  
  43  4:56  Marine  
  46  5:01  SCV x2  
  48  5:13  Marine x3, Orbital Command, SCV x2  
  53  5:25  SCV x2  
  54  5:33  Medivac x2, Orbital Command  
  54  5:34  Engineering Bay  
  58  5:36  Refinery  
  58  5:37  SCV x2  
  58  5:38  Engineering Bay  
  60  5:42  Refinery  
  60  5:44  Factory Tech Lab  
  60  5:46  Marine x2, Supply Depot  
  60  5:48  Marine  
  63  5:52  SCV x2  
  65  5:58  SCV  
  65  6:01  Terran Infantry Weapons Level 1  
  65  6:04  Marine x2, SCV x2  
  68  6:06  Marine  
  71  6:14  Combat Shield  
  71  6:16  SCV x2  
  69  6:20  Terran Infantry Armor Level 1  
  69  6:22  Marine x2  
  69  6:24  Marine  
  67  6:28  SCV x3  
  70  6:38  Barracks x2  
  70  6:43  SCV, Barracks  
  70  6:44  SCV x2  
  68  6:50  Supply Depot  
  68  6:51  Supply Depot  
  68  6:56  SCV x3  
  68  7:01  Armory  
  71  7:05  Marine  
  71  7:06  Marine  
  71  7:07  Marine  
  71  7:08  SCV x3  
  77  7:18  Medivac x2  
  77  7:20  SCV x3  
  77  7:22  Siege Tank  
  87  7:28  Barracks Reactor  
  87  7:29  Supply Depot  
  87  7:31  Barracks Reactor  
  87  7:32  SCV x3  
  87  7:33  Barracks Reactor  
  90  7:38  Missile Turret  
  90  7:41  Refinery  
  90  7:42  Refinery  
  90  7:44  SCV x3  
  90  7:45  Marine  
  90  7:46  Marine x2  
  90  7:48  Supply Depot  
  96  7:56  SCV x3  
  98  7:58  Terran Infantry Weapons Level 2  
  98  8:03  Supply Depot  
  98  8:05  Supply Depot  
  98  8:08  SCV x3  
  101  8:19  Marine x5  
  89  8:20  Marine x4, Terran Infantry Armor Level 2, SCV x3  
  93  8:29  Siege Tank  
  93  8:30  Medivac  
  93  8:31  Medivac  
  93  8:32  SCV x2  
  93  8:33  SCV  
  103  8:37  Marine x4  
  107  8:43  Marine x2  
  107  8:44  Factory, SCV  
  107  8:45  Marine, SCV x2  
  107  8:47  Marine, Liberator  
  107  8:48  Marine  
  115  8:50  Liberator  
  115  8:51  Terran Vehicle Weapons Level 1  
  115  8:55  Marine x4  
  116  8:57  SCV x2  
  116  8:58  SCV  
  122  9:04  Siege Tank  
  122  9:08  Marine  
  132  9:15  Marine  
  126  9:17  Supply Depot  
  126  9:18  Supply Depot  
  126  9:19  Supply Depot  
  126  9:25  Marine x7  
  126  9:29  Factory Tech Lab  
  133  9:34  Marine  
  133  9:38  Marine  
  133  9:39  Siege Tank  
  133  9:42  Marine  
  133  9:43  Marine x5  
  133  9:45  Marine  
  141  9:47  Medivac  
  141  9:49  Medivac  
  141  9:52  Marine, Siege Tank  
  150  9:56  Marine  
  150  9:58  Sensor Tower  
  151  10:00  Marine x2  
  151  10:01  Marine x3  
  151  10:02  Marine  
  151  10:03  Concussive Shells  
  157  10:13  Marauder  
  157  10:29  Supply Depot x2  
  157  10:31  Supply Depot  
  157  10:40  Marine x2  
  157  10:42  Marine x2  
  157  10:43  Marine  
  157  10:44  Marine  
  157  10:45  Marine x2, Medivac, Siege Tank  
  157  10:46  Marauder  
  157  10:47  Medivac  
  157  10:48  Siege Tank  
  143  10:57  Marine  
  143  10:58  Marine  
  143  11:00  Marine x3  
  143  11:02  Marine x3  
  149  11:07  Marauder  
  147  11:15  Marine, Medivac  
  147  11:16  Marine  
  147  11:17  Medivac  
  147  11:18  Marine x3, Siege Tank  
  144  11:20  Marine x3  
  144  11:23  Siege Tank  
  148  11:28  Marauder  
  150  11:33  Marine  
  150  11:34  Marine  
  150  11:35  Marine  
  150  11:36  Marine x2  
  150  11:38  Marine x3  
  158  11:51  Marine  
Show
View Real Time Build Order
Export as new Build Order

GOReynor Zerg - Winner!

Build Orders: Hatch First, Lurkers 

Get SALT Encoding   

  12  0:00  Drone  
  13  0:12  Overlord  
  13  0:17  Drone  
  14  0:30  Drone x2  
  16  0:48  Hatchery  
  15  0:51  Drone  
  15  0:54  Drone  
  17  0:58  Drone  
  18  1:07  Extractor  
  17  1:14  Spawning Pool  
  17  1:16  Drone  
  17  1:20  Drone  
  18  1:27  Drone  
  19  2:01  Zergling x4, Spine Crawler  
  19  2:02  Zergling x4, Queen  
  19  2:08  Queen  
  25  2:18  Overlord  
  25  2:28  Drone x2  
  26  2:33  Drone  
  25  2:40  Drone  
  25  2:43  Zergling x2  
  27  2:45  Zergling x2  
  28  2:53  Drone  
  28  2:55  Drone  
  28  2:56  Drone  
  31  3:00  Queen  
  33  3:06  Overlord  
  33  3:09  Drone  
  34  3:16  Overlord  
  34  3:25  Drone x2  
  36  3:30  Overlord  
  36  3:34  Metabolic Boost  
  36  3:35  Drone x2  
  36  3:37  Zergling x2  
  36  3:40  Drone  
  40  3:47  Drone x2  
  42  3:59  Hatchery  
  42  4:00  Drone x2  
  43  4:04  Queen  
  43  4:09  Zergling x4  
  47  4:11  Overlord  
  47  4:13  Drone  
  47  4:15  Drone  
  49  4:19  Drone x2  
  49  4:22  Drone  
  52  4:24  Overlord  
  52  4:29  Drone  
  53  4:32  Overlord  
  53  4:34  Drone  
  53  4:38  Queen, Evolution Chamber  
  55  4:42  Zergling x2  
  55  4:43  Drone x2  
  55  4:44  Drone  
  59  4:47  Overlord  
  59  4:52  Drone x3  
  62  4:58  Drone x2  
  64  5:07  Drone x2  
  64  5:10  Queen, Zerg Ground Armor Level 1, Evolution Chamber  
  67  5:14  Overlord  
  67  5:21  Drone x3  
  70  5:26  Drone  
  70  5:27  Queen, Drone x2  
  74  5:32  Queen  
  76  5:36  Drone x3  
  76  5:39  Extractor  
  76  5:40  Zergling x4  
  80  5:43  Zergling x2  
  80  5:48  Zerg Melee Weapons Level 1  
  80  5:49  Queen  
  83  5:50  Zergling x2  
  83  5:52  Zergling x2  
  83  5:55  Zergling x2  
  86  6:00  Zergling x6  
  86  6:02  Baneling Nest  
  86  6:03  Zergling x2  
  86  6:04  Spore Crawler  
  88  6:05  Overlord x3  
  88  6:10  Zergling x2  
  89  6:12  Overlord  
  89  6:15  Zergling x2  
  89  6:16  Zergling x2  
  89  6:18  Overlord  
  89  6:22  Overlord  
  89  6:23  Zergling x2  
  90  6:27  Zergling x4  
  90  6:28  Zergling x4, Lair  
  90  6:31  Extractor x2  
  89  6:34  Zergling x8  
  89  6:36  Overlord  
  89  6:37  Drone  
  93  6:45  Drone x4  
  97  6:48  Drone  
  98  6:55  Hatchery  
  98  6:56  Drone x5  
  98  6:57  Drone  
  98  6:59  Extractor  
  98  7:00  Baneling x5  
  98  7:01  Zergling x6  
  105  7:03  Zergling x2  
  105  7:07  Zergling x2  
  107  7:12  Zergling x4  
  109  7:15  Overlord  
  109  7:16  Zergling x6  
  109  7:18  Baneling x4  
  109  7:19  Baneling  
  109  7:21  Drone  
  113  7:25  Zergling x2  
  113  7:27  Overlord  
  113  7:29  Drone x4  
  118  7:30  Drone  
  118  7:32  Extractor  
  118  7:34  Zergling x2, Infestation Pit  
  118  7:35  Centrifical Hooks, Hydralisk Den  
  116  7:38  Drone x2  
  116  7:44  Baneling x4  
  118  7:48  Zergling x8  
  118  7:49  Zergling x2  
  123  7:54  Zergling x2  
  124  7:58  Baneling x4  
  124  7:59  Baneling x3  
  124  8:00  Zergling x12  
  124  8:01  Zergling x2  
  124  8:02  Baneling  
  124  8:03  Baneling x3  
  124  8:04  Zergling x2  
  132  8:08  Zergling x4  
  132  8:12  Baneling x3  
  130  8:13  Zergling x4, Baneling x2  
  130  8:18  Zergling x4  
  131  8:23  Drone x5  
  131  8:25  Drone x2, Overlord  
  136  8:27  Drone x2  
  136  8:28  Zerg Ground Armor Level 2  
  136  8:29  Drone x2  
  136  8:32  Drone  
  141  8:34  Zerg Melee Weapons Level 2  
  141  8:35  Drone x2  
  141  8:41  Zergling x2  
  141  8:42  Zergling x2  
  141  8:43  Hive  
  142  8:50  Extractor  
  142  8:51  Extractor  
  142  8:53  Drone x2  
  142  8:54  Lurker Den, Drone x8  
  149  9:01  Overlord  
  149  9:02  Zergling x8  
  152  9:03  Zergling x2  
  152  9:05  Zergling x6  
  155  9:11  Hydralisk  
  155  9:16  Spore Crawler x2, Hydralisk x4  
  158  9:29  Zergling x2, Hydralisk x2  
  158  9:30  Zergling x14  
  170  9:35  Drone  
  171  9:40  Seismic Spines  
  171  9:44  Zergling x4, Hydralisk  
  171  9:45  Zergling x6  
  176  9:47  Overlord  
  176  9:48  Hatchery  
  176  9:52  Lurker  
  176  9:53  Lurker x3  
  176  9:55  Adrenal Glands  
  176  9:58  Zergling x10  
  184  10:00  Overlord  
  184  10:04  Queen  
  182  10:11  Hydralisk Den, Drone x3  
  182  10:14  Drone  
  185  10:16  Spore Crawler  
  185  10:18  Lurker x3  
  185  10:19  Zergling x12  
  193  10:27  Overlord  
  193  10:38  Spore Crawler  
  193  10:40  Hydralisk x4  
  193  10:41  Hydralisk  
  195  10:48  Zergling x28  
  195  10:49  Zergling x4  
  188  10:52  Hydralisk  
  188  10:53  Zergling x2  
  188  10:54  Zergling x2  
  188  10:55  Adaptive Talons  
  183  11:16  Zergling x24  
  193  11:20  Baneling x9  
  193  11:21  Baneling x6  
  193  11:22  Drone  
  193  11:23  Drone  
  194  11:27  Drone x2  
  194  11:29  Drone  
  194  11:32  Zergling x6  
  200  11:35  Baneling x3  
  200  11:46  Baneling x8  
Tags
 
Add a new tag
Caveats
  • Supply blocks, unpowered buildings, or Contaminate may cause inaccurate times.
  • Supply counts are checked every 10 seconds.